 Dungeon Crawl Stone Soup version 0.28-b1-70-g80dc712255 (webtiles) character file.

Game seed: 7101226566794388983

43 croobank the Skirmisher (level 3, -8/20 HPs)
             Began as a Vine Stalker Abyssal Knight on Feb 3, 2022.
             Was a Follower of Lugonu.
             Mangled by a hornet zombie (9 damage)
             ... on level 3 of the Dungeon.
             The game lasted 00:07:57 (2135 turns).

croobank the Skirmisher (VSAK)                      Turns: 2135, Time: 00:07:58

Health: -8/20      AC:  4    Str: 15    XL:     3   Next: 58%
Magic:  0/5        EV: 11    Int: 12    God:    Lugonu [*.....]
Gold:   71         SH:  0    Dex: 14    Spells: 1/2 levels left

rFire   . . .      SeeInvis .   a - +1 hand axe
rCold   . . .      Faith    .   (no shield)
rNeg    . . .      Spirit   +   b - +0 leather armour
rPois   .          Reflect  .   (no helmet)
rElec   .          Harm     .   q - +0 cloak
rCorr   +          Rampage  .   (no gloves)
Will    .....                   (no boots)
Stlth   +.........              (no amulet)
HPRegen 0.06/turn               l - ring of resist corrosion
MPRegen 0.09/turn               (no ring)

@: no status effects
A: fangs 2, magic shield, antimagic bite, no potion heal 2
a: Renounce Religion, Depart the Abyss


You were on level 3 of the Dungeon.
You worshipped Lugonu.
Lugonu was aware of your devotion.
You visited 1 branch of the dungeon, and saw 3 of its levels.
You visited the Abyss 1 time.

You collected 71 gold pieces.

Inventory:

Hand Weapons
 a - a +1 hand axe (weapon)
Missiles
 c - 46 sling bullets
 h - 18 bolts
 i - 4 stones
 k - 14 arrows
Armour
 b - a +0 leather armour (worn)
 j - a +0 scale mail
 m - a +0 ring mail
 q - a +0 cloak (worn)
 r - a +0 plate armour
Jewellery
 l - a ring of resist corrosion (left hand)
Scrolls
 d - a scroll of blinking {unknown}
 f - 2 scrolls of identify {unknown}
 g - a scroll of fog {unknown}
 n - a scroll of magic mapping {unknown}
 o - a scroll of teleportation {unknown}
Potions
 e - 2 potions of lignification {unknown}
 p - 2 potions of heal wounds {unknown}
 s - a potion of magic {unknown}


   Skills:
 + Level 3.3 Fighting
 + Level 2.3 Axes
 + Level 2.0 Armour
 + Level 0.9 Dodging
 + Level 0.1 Stealth
 + Level 1.8 Invocations


You had one spell level left.
You knew the following spells:

 Your Spells              Type           Power      Damage    Failure   Level
a - Foxfire               Conj/Fire      0%         2x1d4     38%         1

Your spell library contained the following spells:

 Spells                   Type           Power      Damage    Failure   Level
 Conjure Flame            Conj/Fire      0%         6-21      77%         3
 Inner Flame              Hex/Fire       0%         N/A       77%         3
 Flame Wave               Conj/Fire      0%         2d4       99%         4


Dungeon Overview and Level Annotations

Branches:
Dungeon (3/15)

Altars:


Innate Abilities, Weirdness & Mutations

You have extremely sharp teeth.
When hurt, damage is shared between your health and your magic reserves.
Your bite disrupts and absorbs the magic of your enemies.
Potions cannot restore your health.


Message History

The quokka is almost dead.
The quokka completely misses you.
The quokka bites you but does no damage.
The quokka bites you.
You see here a +1 pair of gloves.
You barely miss the orc. Your bite misses the orc. The orc closely misses you.
You slash the orc!
You kill the orc!
Lugonu accepts your kill.
You closely miss the ball python. You bite the ball python.
You kill the ball python!
Lugonu accepts your kill. The quokka closely misses you. The quokka bites you.
Things that are here:
a +0 mace; a ball python corpse; an orc corpse You closely miss the quokka.
You bite the quokka.
You kill the quokka!
Lugonu accepts your kill.
You hit the hobgoblin.
You kill the hobgoblin!
Lugonu accepts your kill.
You hit the hornet zombie.
The hornet zombie is lightly damaged.
The hornet zombie barely misses you. The hornet zombie closely misses you.
You hit the hornet zombie. Your bite misses the hornet zombie.
The hornet zombie is lightly damaged.
The hornet zombie hits you!
You barely miss the hornet zombie.
The hornet zombie is lightly damaged.
The hornet zombie barely misses you. The hornet zombie hits you.
You hit the hornet zombie. You bite the hornet zombie. You drain its power.
You feel invigorated.
The hornet zombie is lightly damaged.
The hornet zombie hits you!
* * * LOW HITPOINT WARNING * * *
You barely miss the hornet zombie.
The hornet zombie is lightly damaged.
The hornet zombie hits you but does no damage.
The hornet zombie hits you!
You die...

..##..........#
#......<......#
#.##..........#
#..........#
####.........##
............##
....###[###....
.... #Z# ####
### #@# #.# #.#
#.# #.# ..# #.#
#.. #.#


You could see a hornet zombie.

Vanquished Creatures
  3 dart slugs
  An orc (D:3)
  3 ball pythons
  2 endoplasms (D:1)
  3 giant cockroaches
  5 goblins
  3 hobgoblins
  3 kobolds
  2 quokkas
  A frilled lizard (D:2)
  6 rats
32 creatures vanquished.

Vanquished Creatures (others)
  4 foxfires (D:2)
4 creatures vanquished.

Grand Total: 36 creatures vanquished

Notes
Turn   | Place    | Note
-------+----------+-------------------------------------------
     0 | Abyss:1  | croobank the Vine Stalker Abyssal Knight began the quest
                  | for the Orb.
     0 | Abyss:1  | Reached XP level 1. HP: 11/11 MP: 3/3
   149 | Abyss:2  | Noticed a quasit
   160 | Abyss:2  | Noticed a centaur warrior zombie
   243 | Abyss:2  | Noticed a neqoxec
   244 | D:1      | Escaped the Abyss
   645 | D:1      | Reached skill level 3 in Fighting
   645 | D:1      | Reached XP level 2. HP: 13/16 MP: 2/4
  1257 | D:1      | Reached XP level 3. HP: 20/20 MP: 5/5
  1285 | D:1      | Learned a level 1 spell: Foxfire
  1585 | D:2      | Reached * piety under Lugonu
  2084 | D:2      | Upgraded the game from 0.28-b1-25-g9875b3fc8c to
                  | 0.28-b1-70-g80dc712255
  2134 | D:3      | HP: 1/20 [hornet zombie (7)]
  2135 | D:3      | Mangled by a hornet zombie

Illustrated notes

Levels and vault maps discovered:
D:1:      nicolae_arrival_memento_mori, layout_basic
D:2:      layout_loops_ring
D:3:      layout_rooms, basic_ecumenical_altar, hex_tiny, uniq_sigmund,
          uniq_crazy_yiuf_cottage, uniq_grinder

Skill      XL: |  1  2  3 |
---------------+----------+-----
Fighting       | 3 |  3.3
Axes           | 2 |  2.3
Armour         | 2 |  2.0
Dodging        | |  0.9
Stealth        | |  0.1
Invocations    | |  1.8

Action                   || total
-------------------------++-------
Melee: Hand axe          ||    76
       Bite              ||    14
 Cast: Foxfire           ||     2
Invok: Depart the Abyss  ||     1
 Stab: Sleeping          ||     2
Armor: Leather armour    ||    15
Dodge: Dodged            ||    34
